 Dungeon Crawl Stone Soup version 0.28.0 (webtiles) character file.

Game seed: 252400756902658777

150 Angani the Sneak (level 5, -1/70 HPs)
             Began as a Draconian Delver on Feb 12, 2022.
             Was a Follower of Okawaru.
             Slain by a gnoll (2 damage)
             ... on level 3 of the Dungeon.
             The game lasted 00:02:29 (1242 turns).

Angani the Sneak (Draconian Delver)                 Turns: 1242, Time: 00:02:29

Health: -1/70      AC: 22    Str: 15    XL:     5   Next: 10%
Magic:  7/7        EV:  2    Int: 10    God:    Okawaru [*.....]
Gold:   125        SH:  0    Dex: 14    Spells: 4/4 levels left

rFire   . . .      SeeInvis .   j - +1 whip (elec)
rCold   . . .      Faith    .   (no shield)
rNeg    . . .      Spirit   .   (armour unavailable)
rPois   +          Reflect  .   (helmet currently unavailable)
rElec   .          Harm     .   (cloak currently unavailable)
rCorr   .          Rampage  .   (gloves currently unavailable)
Will    .....      NoTele   +   (boots currently unavailable)
Stlth   +++.......              (no amulet)
HPRegen 0.21/turn               (no ring)
MPRegen 0.10/turn               (no ring)

@: tree-form (expiring), on berserk cooldown, slowed, very slow
A: stationary, stasis, torment immunity, boosted hp, AC +5, unfitting armour,
(cold-blooded)
a: Renounce Religion, Heroism


You were on level 3 of the Dungeon.
You worshipped Okawaru.
Okawaru was aware of your devotion.
You were a tree.
You visited 1 branch of the dungeon, and saw 3 of its levels.

You collected 125 gold pieces.

Inventory:

Hand Weapons
 h - a +0 mace
 j - a +1 whip of electrocution (weapon)
Armour
 f - a +0 hat (melded)
Wands
 e - a wand of digging (3)
 i - a wand of flame (14)
Scrolls
 a - a scroll of fog
 b - 3 scrolls of magic mapping
 c - a scroll of fear
 g - a scroll of teleportation {unknown}
Potions
 k - a potion of berserk rage


   Skills:
 + Level 4.5 Fighting
 + Level 2.5 Maces & Flails
 - Level 1.7 Dodging
 - Level 4.5 Stealth
 - Level 2.0 Unarmed Combat
 + Level 2.8 Invocations


You had 4 spell levels left.
You didn't know any spells.
Your spell library was empty.

Dungeon Overview and Level Annotations

Branches:
Dungeon (5/15)
 Temple: D:4-7

Altars:
Okawaru

Annotations:
D:5 exclusions: door, steam dragon and 1 more exclusion


Innate Abilities, Weirdness & Mutations

You are a tree.
Your roots penetrate the ground, keeping you stationary.
You cannot be teleported.
You are immune to unholy pain and torment.
Your maximum health is greatly increased.
Your equipment is partially melded.
((Your plain brown scales are hard. (AC +5)))
You cannot fit into any form of body armour.
((You are cold-blooded and may be slowed by cold attacks.))


Message History

The gnoll hits you but does no damage.
You cannot move.
Unknown command.
Unknown command.
The gnoll hits you from afar with a +0 spear.
* * * LOW HITPOINT WARNING * * *
You feel a strong urge to attack something.
You are no longer berserk.
You are exhausted.
You feel yourself slow down. The gnoll hits you but does no damage.
The gnoll hits you from afar with a +0 spear.
* * * LOW HITPOINT WARNING * * *
The gnoll hits you but does no damage.
The gnoll hits you from afar with a +0 spear.
* * * LOW HITPOINT WARNING * * *
The gnoll hits you but does no damage. The gnoll hits you but does no damage.
The gnoll hits you but does no damage. x2
The gnoll hits you but does no damage.
The gnoll hits you but does no damage. x2
The gnoll barely misses you.
The gnoll hits you but does no damage. x2
The gnoll hits you but does no damage.
The gnoll hits you from afar with a +0 spear.
* * * LOW HITPOINT WARNING * * *
The gnoll hits you but does no damage. The gnoll hits you but does no damage.
The gnoll hits you but does no damage. x2
Your transformation is almost over.
The gnoll hits you but does no damage.
Unknown command.
Okay, then.
The gnoll completely misses you.
The gnoll hits you from afar with a +0 spear.
* * * LOW HITPOINT WARNING * * *
The gnoll hits you from afar with a +0 spear.
* * * LOW HITPOINT WARNING * * *
The gnoll hits you from afar with a +0 spear.
You die...

#... ##.#.# #...
##....#
.###.#.####.....##
..?...<...†......#
##...#.###.....##
#. #.# ##...## #.#
#...# #.# #...#
#♣# ##.## #)# #.#
#g# .# #.# #.# ..#
###


You could see a gnoll.

Vanquished Creatures
  A jelly (D:5)
  A killer bee zombie (D:4)
  A hound zombie (D:5)
  3 gnolls (D:3)
  3 adders
  An adder skeleton (D:4)
  A dart slug (D:3)
  4 orcs
  An endoplasm (D:4)
  2 giant cockroaches (D:4)
  3 goblins
  A hobgoblin (D:3)
  4 kobolds
  A rat (D:3)
27 creatures vanquished.

Notes
Turn   | Place    | Note
-------+----------+-------------------------------------------
     0 | D:5      | Angani the Draconian Delver began the quest for the Orb.
     0 | D:5      | Reached XP level 1. HP: 19/19 MP: 1/1
    22 | D:5      | Found an iron altar of Okawaru.
    33 | D:5      | Became a worshipper of Warmaster Okawaru
    71 | D:5      | Reached skill level 1 in Maces & Flails
    71 | D:5      | Reached skill level 1 in Invocations
    71 | D:5      | Reached XP level 2. HP: 23/26 MP: 2/2
   168 | D:5      | Reached XP level 3. HP: 33/33 MP: 4/4
   169 | D:5      | Noticed a steam dragon
   177 | D:5      | Noticed a necrophage
   510 | D:4      | Reached XP level 4. HP: 14/40 MP: 5/5
   781 | D:4      | Reached * piety under Okawaru
  1221 | D:3      | Reached XP level 5. HP: 16/47 MP: 5/7
  1228 | D:3      | HP: 3/70 [gnoll (2)]
  1241 | D:3      | HP: 1/70 [gnoll (4)]
  1242 | D:3      | Slain by a gnoll

Illustrated notes

Levels and vault maps discovered:
D:3:      minmay_general_purpose_star, layout_loops_ring, serial_shops,
          nicolae_square_shop
D:4:      layout_gridville, minmay_crossroads
D:5:      cheibrodos_fzero, layout_gridville, okawaru_ov_weapons_minmay,
          minmay_temple_entry_arrows, serial_shops, nicolae_shop_trees,
          uniq_blork_the_orc, uniq_crazy_yiuf_cottage, uniq_ijyb

Skill      XL: |  1  2  3  4 |
---------------+-------------+-----
Maces & Flails | 1 2 |  2.5
Invocations    | 1 2 |  2.8
Fighting       | 4 |  4.5
Dodging        | |  1.7
Stealth        | |  4.5
Unarmed Combat | |  2.0

Action                   |  1- 3 |  4- 6 || total
-------------------------+-------+-------++-------
Melee: Mace              |    31 |     6 ||    37
       Tailslap          |     4 |     9 ||    13
       Whip              |       |    55 ||    55
Evoke: Wand              |     8 |       ||     8
  Use: Potion            |     1 |     2 ||     3
 Stab: Sleeping          |     1 |     1 ||     2
Armor: Skin              |    13 |    41 ||    54
Dodge: Dodged            |    20 |    32 ||    52
